 Dungeon Crawl Stone Soup version 0.28.0-62-gf88900778d (webtiles) character file.

Game seed: 2946489304599081763

42 cbfl8 the Skirmisher (level 3, -9/29 HPs)
             Began as a Demonspawn Fighter on Mar 21, 2024.
             Mangled by a gnoll
             ... wielding a +0 flail
              (11 damage)
             ... on level 1 of the Dungeon.
             The game lasted 00:01:04 (1110 turns).

cbfl8 the Skirmisher (Demonspawn Fighter)           Turns: 1110, Time: 00:01:04

Health: -9/29      AC:  9    Str: 22    XL:     3   Next: 35%
Magic:  3/3        EV:  7    Int:  9    God:
Gold:   42         SH:  5    Dex: 14    Spells: 2/2 levels left

rFire   . . .      SeeInvis .   a - +0 war axe
rCold   . . .      Faith    +   c - +0 buckler
rNeg    . . .      Spirit   .   l - +0 chain mail
rPois   .          Reflect  .   (helmet restricted)
rElec   .          Harm     .   (no cloak)
rCorr   .          Rampage  .   (no gloves)
Will    .....                   (no boots)
Stlth   ..........              e - amulet of faith
HPRegen 0.09/turn               j - +6 ring of strength
MPRegen 0.08/turn               (no ring)

@: mighty, lethally poisoned (-9 -> -11)
A: horns 1, powered by death 1
a: no special abilities


You were on level 1 of the Dungeon.
You visited 1 branch of the dungeon, and saw 2 of its levels.

You collected 42 gold pieces.

Inventory:

Hand Weapons
 a - a +0 war axe (weapon)
Armour
 c - a +0 buckler (worn)
 l - a +0 chain mail (worn)
Jewellery
 e - an amulet of faith (around neck)
 j - a +6 ring of strength (left hand)
Scrolls
 f - a scroll of torment {unknown}
 g - a scroll of blinking {unknown}
 h - a scroll of teleportation {unknown}
 i - a scroll of fog {unknown}
 k - a scroll of fear {unknown}
Potions
 d - a potion of might


   Skills:
 + Level 3.2 Fighting
 + Level 2.3 Axes
 + Level 3.1 Armour
 + Level 3.0 Shields
 * Level 1.0 Evocations


You had 2 spell levels left.
You didn't know any spells.
Your spell library was empty.

Dungeon Overview and Level Annotations

Branches:
Dungeon (2/15)

Altars:


Innate Abilities, Weirdness & Mutations

You have a pair of small horns on your head.
You regenerate a little health from kills.


Message History

You barely miss the gnoll. You headbutt the gnoll.
The gnoll is moderately wounded.
You closely miss the gnoll.
The gnoll is moderately wounded.
The gnoll hits you with a +0 flail. You block the gnoll's attack.
Unknown command.
You hit the gnoll. Your headbutt misses the gnoll.
The gnoll is moderately wounded.
You barely miss the gnoll. The gnoll hits you but does no damage.
The gnoll closely misses you. The gnoll hits you with a +0 flail!
The gnoll hits you but does no damage. x2
Unknown command.
You slash the gnoll!
The gnoll is almost dead.
You barely miss the gnoll. The gnoll hits you with a +0 flail.
The gnoll hits you but does no damage.
The gnoll hits you from afar with a +0 spear.
You block the adder's attack.
Unknown command.
You slash the gnoll!
You kill the gnoll!
You slash the adder! You barely miss the gnoll. The adder bites you.
You are poisoned.
The adder poisons you! The gnoll hits you but does no damage.
You block the gnoll's attack. The adder bites you but does no damage.
The gnoll barely misses you.
Your Shields skill increases to level 3!
Your Evocations skill increases to level 1!
You feel sick. The gnoll hits you but does no damage.
The adder bites you but does no damage. The gnoll hits you with a +0 flail.
* * * LOW HITPOINT WARNING * * *
You climb upwards.
* * * LOW HITPOINT WARNING * * *
You feel sick.
There is a stone staircase leading down here.
You feel very mighty all of a sudden.
* * * LOW HITPOINT WARNING * * *
You feel sick. The adder bites you but does no damage.
The gnoll hits you with a +0 flail!
You die...

#. #################.
#.................
#.##########...##.
#..............##.
###..............##.
#................###
#.#S...........).###
#..@g÷...........'..
####.÷...........###
#.....#######....###
#.##########.....)..
#.†........#........
####+#.....##.#........
#...†.†..8..>.#########
#......._.....###
#........8......#


You could see a gnoll and an adder.

Vanquished Creatures
  A gnoll (D:2)
  A dart slug (D:1)
  An endoplasm (D:1)
  A giant cockroach (D:1)
  3 goblins (D:1)
  5 hobgoblins (D:1)
  2 jackals (D:1)
  3 kobolds (D:1)
  2 quokkas (D:1)
  A ball python (D:1)
  2 bats (D:1)
  4 frilled lizards (D:1)
  3 rats (D:1)
29 creatures vanquished.

Notes
Turn   | Place    | Note
-------+----------+-------------------------------------------
     0 | D:1      | cbfl8 the Demonspawn Fighter began the quest for the Orb.
     0 | D:1      | Reached XP level 1. HP: 18/18 MP: 1/1
   445 | D:1      | Discovered your monstrous ancestry.
   445 | D:1      | Gained mutation: You have a pair of small horns on your
                  | head. [demonic ancestry]
   445 | D:1      | Reached XP level 2. HP: 24/24 MP: 2/2
   795 | D:1      | Found a faded altar of an unknown god.
   807 | D:1      | Gained mutation: You regenerate a little health from kills.
                  | [demonic ancestry]
   807 | D:1      | Reached XP level 3. HP: 28/29 MP: 3/3
  1108 | D:2      | Reached skill level 1 in Evocations
  1110 | D:1      | Mangled by a gnoll

Illustrated notes

Levels and vault maps discovered:
D:1:      lightli_arrival_quake, layout_basic,
          dreamdust_ecumenical_altar_statues, minmay_misc_feat_nine_boxes
D:2:      layout_loops_ring, serial_shops, nicolae_shop_window_shopping,
          minmay_misc_feat_secret_circle, guppyfry_early_lair_pool

Skill      XL: |  1  2  3 |
---------------+----------+-----
Axes           | 2 |  2.3
Armour         | 3 |  3.1
Shields        | 3 |  3.0
Evocations     | 1 |  1.0
Fighting       | |  3.2

Action                   || total
-------------------------++-------
Melee: War axe           ||    58
       Headbutt          ||     6
  Use: Potion            ||     1
Armor: Scale mail        ||    32
       Chain mail        ||     9
Dodge: Dodged            ||    28
Block: Buckler           ||    16
